 Dungeon Crawl Stone Soup version 0.29-a0-330-g52719c12eb (webtiles) character file.

Game seed: 17382689088680305973

9 HoaS the Bolt Thrower (level 2, -6/17 HPs)
             Began as a Kobold Hunter on May 18, 2022.
             Mangled by Terence
             ... wielding a +0 hand axe
              (9 damage)
             ... on level 2 of the Dungeon.
             The game lasted 00:01:01 (481 turns).

HoaS the Bolt Thrower (Kobold Hunter)                Turns: 481, Time: 00:01:01

Health: -6/17      AC:  3    Str:  8    XL:     2   Next: 25%
Magic:  2/2        EV: 15    Int: 10    God:
Gold:   68         SH:  0    Dex: 24    Spells: 1/1 levels left

rFire   . . .      SeeInvis .   a - +1 hand crossbow
rCold   . . .      Faith    .   (no shield)
rNeg    . . .      Spirit   .   b - +0 leather armour
rPois   .          Reflect  .   (no helmet)
rElec   .          Harm     .   (no cloak)
rCorr   .          Rampage  .   (no gloves)
Will    .....                   (no boots)
Stlth   +++.......              (no amulet)
HPRegen 0.05/turn               i - +6 ring of dexterity
MPRegen 0.08/turn               (no ring)

@: no status effects
A: small, no large weapons, nightstalker 3
a: no special abilities


You were on level 2 of the Dungeon.
You visited 1 branch of the dungeon, and saw 2 of its levels.

You collected 68 gold pieces.

Inventory:

Hand Weapons
 a - a +1 hand crossbow (weapon)
Armour
 b - a +0 leather armour (worn)
Jewellery
 d - a ring of willpower
 e - a ring of willpower
 i - a +6 ring of dexterity (left hand)
Scrolls
 c - a scroll of immolation
 h - a scroll of identify {unknown}
Potions
 f - 2 potions of attraction {unknown}
 g - 2 potions of might {unknown}


   Skills:
 - Level 2.1 Fighting
 + Level 6.0 Crossbows
 - Level 2.4 Dodging
 - Level 1.3 Stealth


You had one spell level left.
You didn't know any spells.
Your spell library was empty.

Dungeon Overview and Level Annotations

Branches:
Dungeon (1/15)

Altars:

Annotations:
D:2 Terence


Innate Abilities, Weirdness & Mutations

You are small and have problems with some larger weapons.
You are completely attuned to the shadows.


Message History

You kill the giant cockroach!
Your Crossbows skill increases to level 6!
Shoot: a) +1 hand crossbow
Press: ? - help, Q - select action Shift-Dir - straight line, f - Terence
Aim: Terence, wielding a +0 hand axe and wearing a +0 chain mail (75% to hit)
You shoot a bolt.
The bolt hits Terence but does no damage.
Terence barely misses you. The goblin hits you with a +0 dagger.
Terence hits you with a +0 hand axe. The goblin hits you but does no damage.
Shoot: a) +1 hand crossbow
Press: ? - help, Q - select action Shift-Dir - straight line, f/p - Terence
Aim: Terence, wielding a +0 hand axe and wearing a +0 chain mail (75% to hit)
You shoot a bolt. The bolt hits Terence.
Terence is lightly wounded.
Terence misses you. The goblin hits you with a +0 dagger.
Shoot: a) +1 hand crossbow
Press: ? - help, Q - select action Shift-Dir - straight line, f/p - Terence
Aim: Terence, wielding a +0 hand axe and wearing a +0 chain mail (lightly wounded, 75% to hit)
You shoot a bolt. The bolt hits Terence.
Terence is heavily wounded.
Terence says, "Did you write a will?
You should..."
Terence hits you with a +0 hand axe.
* * * LOW HITPOINT WARNING * * *
The goblin misses you.
Okay, then.
Shoot: a) +1 hand crossbow
Press: ? - help, Q - select action Shift-Dir - straight line, f/p - Terence
Aim: Terence, wielding a +0 hand axe and wearing a +0 chain mail (heavily wounded, 75% to hit)
You shoot a bolt. The bolt hits Terence.
Terence is heavily wounded.
Terence barely misses you. The goblin hits you with a +0 dagger.
* * * LOW HITPOINT WARNING * * *
Shoot: a) +1 hand crossbow
Press: ? - help, Q - select action Shift-Dir - straight line, f/p - Terence
Aim: Terence, wielding a +0 hand axe and wearing a +0 chain mail (heavily wounded, 75% to hit)
You shoot a bolt. The bolt hits Terence.
Terence is almost dead.
The goblin misses you. Terence hits you with a +0 hand axe!
Ouch! That really hurt!
You die...

[#..## ....#.# #...
.### ##..# ....
#...##....
#.._.........
##@g..........
#########.@#.g###.....
#..........#.........$
#.............†...$...
#........########.....
#........# #.....
#>.......# #.....
########## #.....


You could see Terence and a goblin.

Vanquished Creatures
  A ball python (D:1)
  An endoplasm (D:2)
  2 giant cockroaches
  A quokka (D:2)
  2 goblins (D:1)
  2 rats (D:1)
9 creatures vanquished.

Notes
Turn   | Place    | Note
-------+----------+-------------------------------------------
     0 | D:1      | HoaS the Kobold Hunter began the quest for the Orb.
     0 | D:1      | Reached XP level 1. HP: 12/12 MP: 1/1
   431 | D:1      | You fall into a shaft and drop 1 floor!
   431 | D:2      | Found a faded altar of an unknown god.
   434 | D:2      | Noticed Terence
   445 | D:2      | Reached XP level 2. HP: 17/17 MP: 2/2
   477 | D:2      | Reached skill level 6 in Crossbows
   481 | D:2      | Mangled by Terence

Illustrated notes

Levels and vault maps discovered:
D:1:      mainiacjoe_arrival_reflecting_pool, layout_loops_corners
D:2:      layout_rooms, basic_altar, basic_ecumenical_altar, uniq_terence

Skill      XL: |  1  2 |
---------------+-------+-----
Crossbows      | 6 |  6.0
Fighting       | |  2.1
Dodging        | |  2.4
Stealth        | |  1.3

Action                   || total
-------------------------++-------
 Fire: Hand crossbow     ||    20
Armor: Leather armour    ||     5
Dodge: Dodged            ||    12

Table legend: (Time is in decaauts)
 A = Elapsed time spent in this place.
 B = Non-inter-level travel time spent in this place.
 C = Inter-level travel time spent in this place.
 D = Time resting spent in this place.
 E = Time spent auto-exploring this place.
 F = Levels seen in this place.
 G = Mean time per level.
                   A        B        C        D        E       F      G
               +--------+--------+--------+--------+--------+-----+--------+
         Total |    485 |    485 |      0 |      0 |    407 |   2 |  242.5 |
       Dungeon |    485 |    485 |      0 |      0 |    407 |   2 |  242.5 |
               +--------+--------+--------+--------+--------+-----+--------+

Top non-repeatable levels by time:
     D:1: 434 daAuts
     D:2: 51 daAuts
